 Dungeon Crawl Stone Soup version 0.31-a0-204-g7da18cac08 (webtiles) character file.

Game seed: 17799617164838540989

475 qw the Skirmisher (level 6, 0/35 HPs)
             Began as a Deep Elf Hunter on June 27, 2023.
             Slain by Pikel
             ... wielding a +1 whip of flaming
              (9 damage)
             ... on level 4 of the Dungeon.
             The game lasted 00:01:25 (2554 turns).

qw the Skirmisher (Deep Elf Hunter)                 Turns: 2554, Time: 00:01:25

Health: 0/35       AC:  7    Str: 10    XL:     6   Next: 84%
Magic:  8/8        EV: 11    Int: 14    God:
Gold:   206        SH:  0    Dex: 18    Spells: 5/5 levels left

rFire   . . .        Y - +0 shortbow (freeze)
rCold   . . .        (shield currently unavailable)
rNeg    . . .        b - +0 ring mail
rPois   .            e - +0 helmet
rElec   .            (no cloak)
rCorr   .            (no gloves)
SInv    .            g - +0 pair of boots
Will    .....        (no amulet)
Stlth   +            (no ring)
HPRegen 0.25/turn    (no ring)
MPRegen 0.11/turn

%: no passive effects
@: no status effects
A: no striking features
a: no special abilities


You were on level 4 of the Dungeon.
You visited 1 branch of the dungeon, and saw 4 of its levels.

You collected 206 gold pieces.


   Skills:
 - Level 2.0 Fighting
 + Level 10.1 Ranged Weapons
 - Level 1.3 Armour
 - Level 3.0 Dodging
 - Level 1.2 Stealth


You had 5 spell levels left.
You didn't know any spells.
Your spell library was empty.

Inventory:

Hand Weapons
 Y - a +0 shortbow of freezing (weapon)
Armour
 b - a +0 ring mail (worn)
 e - a +0 helmet (worn)
 g - a +0 pair of boots (worn)
Scrolls
 a - 2 scrolls of identify
 c - a scroll of amnesia {unknown}
 i - 2 scrolls of teleportation {unknown}
 j - a scroll of fear {unknown}
Potions
 d - a potion of heal wounds {unknown}
 f - a potion of curing {unknown}
 h - 2 potions of cancellation

Dungeon Overview and Level Annotations

Branches:
Dungeon (4/15)
 Temple: D:4-7

Altars:
Dithmenos

Annotations:
D:4 3 runed translucent doors, Pikel; qw's ghost, amateur DEHu


Message History

You kill the lemure!
That felt strangely unrewarding.
You shoot an arrow. The arrow closely misses the lemure.
The lemure misses you.
You shoot an arrow. The arrow hits the lemure!
The arrow freezes the lemure.
The lemure is moderately wounded.
The lemure misses you.
You shoot an arrow. The arrow barely misses the lemure.
The lemure hits you. The lemure hits you but does no damage.
You shoot an arrow. The arrow hits the lemure.
The arrow freezes the lemure.
The lemure is heavily wounded.
You shoot an arrow. The arrow closely misses Pikel.
You shoot an arrow. The arrow closely misses Pikel.
Pikel hits you with a +1 whip of flaming.
Pikel burns you.
You shoot an arrow. The arrow hits Pikel.
The arrow freezes Pikel.
Pikel is lightly wounded.
Pikel barely misses you.
You shoot an arrow. The arrow closely misses Pikel.
Pikel hits you with a +1 whip of flaming.
Pikel burns you.
You shoot an arrow.
The arrow hits Pikel but does no damage.
Pikel is lightly wounded.
Pikel closely misses you.
You shoot an arrow. The arrow hits Pikel.
The arrow freezes Pikel.
Pikel is moderately wounded.
Pikel barely misses you.
You shoot an arrow.
The arrow hits Pikel but does no damage.
Pikel is moderately wounded.
Pikel completely misses you.
You shoot an arrow.
The arrow hits Pikel but does no damage.
Pikel is moderately wounded.
Pikel hits you with a +1 whip of flaming.
Pikel burns you.
You shoot an arrow. The arrow barely misses Pikel.
Pikel hits you with a +1 whip of flaming!
You die...

77...777...777.......############
7............%...)...#
77...777...777......## #7.7#
#7.7# #7.....# 7.7 7.7 7.....#
#7.7# #7.7# #7...%.#
77...777...777......#
...)................#
.###############@...# .
...555K....# #######....# #....#
######


You could see Pikel and 3 lemures.

Vanquished Creatures
  A lemure (D:4)
  A kobold brigand (D:3)
  A scorpion (D:4)
  2 iguanas (D:4)
  A sleepcap (D:4)
  Robin (D:3)
  6 gnolls
  7 adders
  4 worms
  8 orcs
  5 ball pythons
  7 bats
  9 endoplasms
  3 giant cockroaches
  19 goblins
  13 hobgoblins
  2 jackals (D:1)
  5 quokkas
  4 frilled lizards
  16 kobolds
  7 rats
122 creatures vanquished.

Notes
Turn   | Place    | Note
-------+----------+-------------------------------------------
     0 | D:1      | qw the Deep Elf Hunter began the quest for the Orb.
     0 | D:1      | Reached XP level 1. HP: 12/12 MP: 3/3
     0 | D:1      | 0 ||| qw: Version: 0.3-a-22-g0ed2b0b
     0 | D:1      | 0 ||| qw: Game counter: 6583
     0 | D:1      | 0 ||| qw: Melee chars always use a shield: true
     0 | D:1      | 0 ||| qw: God list: Okawaru
     0 | D:1      | 0 ||| qw: Allow faded altars: false
     0 | D:1      | 0 ||| qw: Do Orc after clearing Dungeon:15 true
     0 | D:1      | 0 ||| qw: Do second Lair branch before Depths: true
     0 | D:1      | 0 ||| qw: Lair rune preference: random
     0 | D:1      | 0 ||| qw: Goals: Normal
     0 | D:1      | 0 ||| PLANNING D:1-11
    47 | D:1      | Reached XP level 2. HP: 11/16 MP: 4/4
    76 | D:1      | Reached skill level 6 in Ranged Weapons
   144 | D:1      | You fall into a shaft and drop 1 floor!
   239 | D:2      | 239 ||| UPGRADING to +0 helmet.
   244 | D:2      | 244 ||| UPGRADING to +0 pair of boots.
   249 | D:2      | 249 ||| READING scroll labelled NYTIEKOUV.
   250 | D:2      | 250 ||| DROPPING scroll of butterflies.
   258 | D:2      | 258 ||| STAIRDANCE
   295 | D:1      | Reached XP level 3. HP: 17/20 MP: 5/5
   399 | D:1      | Found a faded altar of an unknown god.
   443 | D:1      | Reached skill level 7 in Ranged Weapons
   657 | D:1      | 657 ||| READING scroll labelled MYDGHY JIORIA.
   658 | D:1      | 658 ||| READING scroll labelled UNLOPT DUERPH.
   698 | D:2      | Reached XP level 4. HP: 25/25 MP: 6/6
  1137 | D:2      | 1137 ||| READING scroll labelled XEOSHI GAOGAFE.
  1213 | D:3      | Reached skill level 8 in Ranged Weapons
  1277 | D:3      | Noticed Robin
  1284 | D:3      | Killed Robin
  1332 | D:3      | Reached XP level 5. HP: 29/29 MP: 7/7
  1349 | D:3      | Found a shadowy altar of Dithmenos.
  1373 | D:3      | Found the +7 Throatcutter {drain, coup de grace}
  1386 | D:3      | Reached skill level 9 in Ranged Weapons
  1581 | D:3      | Reached skill level 3 in Dodging
  1678 | D:3      | Reached XP level 6. HP: 35/35 MP: 8/8
  1778 | D:3      | 1778 ||| UPGRADING to +0 ring mail.
  1788 | D:3      | 1788 ||| DROPPING +0 leather armour.
  1789 | D:3      | 1789 ||| DRINKING 3 inky potions.
  1790 | D:3      | 1790 ||| READING 2 scrolls of identify.
  1790 | D:3      | 1790 ||| IDENTIFYING sapphire potion
  1791 | D:3      | 1791 ||| DROPPING potion of magic.
  1915 | D:4      | Reached skill level 1 in Armour
  1981 | D:4      | Found a runed translucent gate.
  1982 | D:4      | Found a runed translucent gate.
  1983 | D:4      | Found a runed translucent gate.
  1983 | D:4      | Noticed qw's ghost (amateur DEHu)
  2022 | D:4      | HP: 5/35 [sleepcap (16)]
  2347 | D:4      | Reached skill level 10 in Ranged Weapons
  2539 | D:4      | Noticed Pikel
  2554 | D:4      | Slain by Pikel

Levels and vault maps discovered:
D:1:      onia_arrival_handbag, layout_basic, basic_ecumenical_altar,
          st_stairs_1, chequers_serial_rivers_small_a, grunt_decor_junction
D:2:      layout_loops_cross
D:3:      layout_rooms, nicolae_dithmenos_through_a_glass_darkly,
          dilly_guarded_unrand_throatcut, uniq_robin
D:4:      layout_basic, gammafunk_ghost_nasty_kobolds, kennysheep_flooded_box,
          minmay_misc_feat_chi, minmay_stone_trees_large, uniq_pikel

Skill      XL: |  1  2  3  4  5  6 |
---------------+-------------------+-----
Ranged Weapons | 6 7 8 9 10 | 10.1
Dodging        | 3 |  3.0
Fighting       | 2 |  2.0
Armour         | 1 |  1.3
Stealth        | |  1.2

Action                     |  1- 3 |  4- 6 || total
---------------------------+-------+-------++-------
   Fire: Shortbow          |   111 |   227 ||   338
    Use: Scroll            |     3 |     2 ||     5
         Potion            |       |     1 ||     1
 Armour: Leather armour    |     5 |     7 ||    12
         Ring mail         |       |     8 ||     8
  Dodge: Dodged            |    14 |    30 ||    44

Table legend:
 A = Non-vault XP
 B = Vault XP
 C = Vault XP percentage of total XP
 D = Non-vault monster count
 E = Vault monster count
 F = Vault count percentage of total count
                 A         B        C        D         E       F
            +---------+---------+-------+---------+---------+-------
      Total |     528 |     151 |  22.2 |      98 |      23 |  19.0
            +---------+---------+-------+---------+---------+-------
        D:1 |      50 |      12 |  19.4 |      28 |       7 |  20.0
        D:2 |      67 |       0 |   0.0 |      19 |       0 |   0.0
        D:3 |     117 |     139 |  54.3 |      27 |      16 |  37.2
        D:4 |     294 |       0 |   0.0 |      24 |       0 |   0.0
            +---------+---------+-------+---------+---------+-------
